 Dungeon Crawl Stone Soup version 0.18.1-1-g2f07953 (webtiles) character file.

140 Hipnos the Charlatan (level 5, -14/30 HPs)
             Began as a Kobold Artificer on May 7, 2016.
             Demolished by Menkaure (15 damage)
             ... on level 4 of the Dungeon.
             The game lasted 00:09:59 (2313 turns).

Hipnos the Charlatan (Kobold Artificer)             Turns: 2313, Time: 00:10:00

Health: -14/30     AC: 13    Str: 15    XL:     5   Next: 47%
Magic:  8/8        EV: 15    Int: 11    God:
Gold:   135        SH:  4    Dex: 16    Spells: 0 memorised, 4 levels left

rFire  + . .     SeeInvis .     u - +1 dagger (protect)
rCold  . . .     Gourm    .     o - +2 leather armour {rF+}
rNeg   . . .     Faith    .     a - +0 buckler
rPois  .         Spirit   .     (no helmet)
rElec  .         Dismiss  .     (no cloak)
rCorr  .         Reflect  .     (no gloves)
SustAt .         Harm     .     b - +2 pair of boots
MR     .....                    (no amulet)
Stlth  +.........               (no ring)
                                l - ring of loudness (curse)

@: mighty, not resistant to hostile enchantments, very unstealthy
A: carnivore 3
a: no special abilities


You were on level 4 of the Dungeon.
You were very full.

You visited 1 branch of the dungeon, and saw 4 of its levels.

You collected 135 gold pieces.

Inventory:

Hand Weapons
 u - a +1 dagger of protection (weapon)
Armour
 a - a +0 buckler (worn)
 b - a +2 pair of boots (worn)
 o - a +2 leather armour of fire resistance (worn)
Jewellery
 l - a cursed ring of loudness (left hand)
Wands
 c - a wand of flame (6/48)
 d - a wand of enslavement (13/24)
 e - a wand of random effects (15/48)
 w - a wand of acid (4/15)
Scrolls
 h - a scroll of teleportation
 p - a scroll of immolation {unknown}
 q - a scroll of fog
 s - a scroll of identify {unknown}
 t - a scroll of remove curse {unknown}
Potions
 g - a potion of might
 i - a potion of heal wounds {unknown}
 j - 2 potions of lignification {unknown}
 k - a potion of cure mutation {unknown}
 m - a potion of flight {unknown}
 r - a potion of haste {unknown}
 v - a potion of curing {unknown}
Comestibles
 f - 2 meat rations
 n - 2 slices of pizza


   Skills:
 + Level 1.8 Fighting
 + Level 2.3 Short Blades
 + Level 1.2 Armour
 + Level 4.2 Dodging
 + Level 2.3 Stealth
 + Level 0.1 Shields
 + Level 4.4 Evocations


You had 4 spell levels left.
You didn't know any spells.

Dungeon Overview and Level Annotations

Branches:
Dungeon (4/15)
 Temple: D:4-7

Altars:
Dithmenos
Vehumet
Yredelemnul

Annotations:
D:4 Menkaure


Innate Abilities, Weirdness & Mutations

You are small and have problems with some larger weapons.
You are carnivorous and can eat meat at any time.


Message History

You start resting.
Something hits your howler monkey!
Your howler monkey dies!
Zapping:
c - a wand of flame (7/48)
Press: ? - help, Shift-Dir - straight line, f/p - Menkaure
Aim: Menkaure (fast)
The puff of flame hits Menkaure.
Menkaure is burned terribly!
Menkaure is moderately damaged.
This wand has 6 charges left.
Zapping:
d - a wand of enslavement (14/24)
Press: ? - help, Shift-Dir - straight line, f/p - Menkaure
Aim: Menkaure (moderately damaged, fast, chance to defeat MR: 55%) Menkaure resists with significant effort.
This wand has 13 charges left.
Menkaure hits you!
Ouch! That really hurt!
* * * LOW HITPOINT WARNING * * *
It was a potion of might.
You feel very mighty all of a sudden. Menkaure hits you but does no damage.
Menkaure hits you!
Ouch! That really hurt!
You die...

#...............
#.............#
##...[.........#
#......<.......
...........#..###
..########....# .
##.#.####
#.#..M.# .
#...##@#
....#..###.##
#...........#
#....%........(
#.........##..#
#....M........#
#.........###.#
..$......... ..
.#.........##


You could see Menkaure.

Vanquished Creatures
  An orc wizard (D:3)
  2 adders
  A river rat (D:3)
  An ooze (D:2)
  2 worms (D:2)
  8 giant geckos
  3 orcs (D:3)
  9 bats
  A giant cockroach (D:3)
  2 gnoll zombies (D:2)
  6 hobgoblins
  6 kobolds
  2 quokkas (D:2)
  3 giant newts (D:2)
  6 goblins
  10 rats
63 creatures vanquished.

Vanquished Creatures (others)
  A howler monkey (D:4)
1 creature vanquished.

Grand Total: 64 creatures vanquished

Notes
Turn   | Place    | Note
--------------------------------------------------------------
     0 | D:1      | Hipnos the Kobold Artificer began the quest for the Orb.
     0 | D:1      | Reached XP level 1. HP: 12/12 MP: 3/3
   108 | D:1      | Reached XP level 2. HP: 16/16 MP: 5/5
   750 | D:2      | Found a shadowy altar of Dithmenos.
   773 | D:2      | Reached XP level 3. HP: 19/20 MP: 6/6
  1058 | D:2      | Found a faded altar to an unknown god.
  1100 | D:2      | Reached XP level 4. HP: 10/25 MP: 7/7
  1444 | D:2      | Found a basalt altar of Yredelemnul.
  1601 | D:3      | Reached skill level 1 in Armour
  1601 | D:3      | Reached XP level 5. HP: 22/30 MP: 8/8
  1635 | D:3      | Found a radiant altar of Vehumet.
  2170 | D:3      | Found a glowing drain.
  2300 | D:4      | Noticed Menkaure
  2312 | D:4      | HP: 1/30 [Menkaure (16)]
  2313 | D:4      | Demolished by Menkaure

Skill      XL: |  1  2  3  4  5 |
---------------+----------------+-----
Evocations     | 4 |  4.4
Dodging        | 3 4 |  4.2
Stealth        | 2 |  2.3
Short Blades   | 2 |  2.3
Armour         | 1 |  1.2
Fighting       | |  1.8
Shields        | |  0.1

Action                   |  1- 3 |  4- 6 || total
-------------------------+-------+-------++-------
Melee: Short sword       |   128 |    54 ||   182
       Dagger            |       |   118 ||   118
Evoke: Wand              |       |    11 ||    11
  Use: Scroll            |     2 |       ||     2
       Potion            |       |     1 ||     1
 Stab: Sleeping          |     1 |     1 ||     2
  Eat: Chunk             |     8 |     4 ||    12
Armor: Leather armour    |    34 |    41 ||    75
Dodge: Dodged            |   127 |   118 ||   245
Block: Buckler           |       |    17 ||    17
